 Dungeon Crawl Stone Soup version 0.27-a0-287-gd4424db430 (webtiles) character file.

Game seed: 14623242356768319442

159 garrulousMonolith the Chopper (level 5, 0/46 HPs)
             Began as a Hill Orc Fighter on Feb 9, 2021.
             Killed by nerve-wracking pain
             ... invoked by Grinder
              (12 damage)
             ... on level 3 of the Dungeon.
             The game lasted 00:02:29 (2373 turns).

garrulousMonolith the Chopper (Hill Orc Fighter)    Turns: 2373, Time: 00:02:29

Health: 0/46       AC:  8    Str: 19    XL:     5   Next: 40%
Magic:  6/6        EV:  7    Int:  9    God:
Gold:   149        SH:  9    Dex: 10    Spells: 4/4 levels left

rFire    . . .     SeeInvis .   a - +0 war axe
rCold    + . .     Faith    .   c - +0 kite shield
rNeg     . . .     Spirit   .   b - +0 scale mail
rPois    .         Reflect  .   n - +0 helmet
rElec    .         Harm     .   (no cloak)
rCorr    .         Rampage  .   (no gloves)
Will     .....                  (no boots)
Stlth    ..........             (no amulet)
HPRegen  0.15/turn              i - ring of protection from cold
MPRegen  0.10/turn              (no ring)

@: mighty
A: no striking features
a: no special abilities


You were on level 3 of the Dungeon.
You visited 1 branch of the dungeon, and saw 3 of its levels.

You collected 149 gold pieces.

Inventory:

Hand Weapons
 a - a +0 war axe (weapon)
Armour
 b - a +0 scale mail (worn)
 c - a +0 kite shield (worn)
 n - a +0 helmet (worn)
Jewellery
 i - a ring of protection from cold (left hand)
Scrolls
 e - a scroll of identify
 f - a scroll of fog {unknown}
 h - a scroll of teleportation {unknown}
 j - a scroll of enchant armour
 k - a scroll of enchant weapon {unknown}
 l - a scroll of remove curse {unknown}
Potions
 g - a potion of curing {unknown}


   Skills:
 + Level 4.2 Fighting
 * Level 4.7 Axes
 + Level 3.9 Armour
 + Level 4.1 Shields
 + Level 2.5 Invocations


You had 4 spell levels left.
You didn't know any spells.
Your spell library was empty.

Dungeon Overview and Level Annotations

Branches:
Dungeon (3/15)

Altars:
Cheibriados
Kikubaaqudgha
Yredelemnul

Annotations:
D:3 Grinder


Message History

Grinder is heavily wounded.
Grinder gestures at you.
You barely resist.
Grinder says, "Don't move a muscle."
You block Grinder's attack.
You completely miss Grinder.
Grinder is heavily wounded.
Grinder says, "FISH!"
Grinder gestures at you.
You suddenly lose the ability to move!
Grinder hits you but does no damage.
Grinder blinks!
Grinder gestures at you. You resist with significant effort.
You can move again.
You hit Grinder.
Grinder is heavily wounded.
Grinder gestures at you. Pain shoots through your body!
You die...

#.....# ..# ##.......#
####..## #.## #.......#
#.<...# #.# #.......#
#.....# #.# #......##
#...#.### #.# ##...).##
#..†#...# #.# #.......###..
#.[.###.######.##
###...........# #...#
#.........###.........#####
#...#
#######...@...##..†..##
#...#
#........<#5.####...##
##### #.........##...##.###
##)
#.........##......##.....
#.....<...#<.##÷.....#
###########.###..#####
.........# #.#..#####... ..
#.## ####


You could see Grinder.

Vanquished Creatures
  Natasha (D:2)
  Robin (D:2)
  3 adders
  2 worms (D:2)
  2 dart slugs
  A leopard gecko (D:3)
  4 orcs (D:3)
  9 bats
  4 giant cockroaches
  16 goblins
  11 hobgoblins
  7 jackals
  4 kobolds
  4 frilled lizards
  6 rats
75 creatures vanquished.

Notes
Turn   | Place    | Note
-------+----------+-------------------------------------------
     0 | D:1      | garrulousMonolith the Hill Orc Fighter began the quest for
                  | the Orb.
     0 | D:1      | Reached XP level 1. HP: 19/19 MP: 1/1
   154 | D:1      | Reached XP level 2. HP: 26/27 MP: 2/2
   389 | D:1      | Reached skill level 1 in Invocations
   790 | D:1      | Reached XP level 3. HP: 33/33 MP: 3/3
  1222 | D:2      | Found an ancient bone altar of Kikubaaqudgha.
  1224 | D:2      | Found a snail-covered altar of Cheibriados.
  1264 | D:2      | Found a basalt altar of Yredelemnul.
  1297 | D:2      | Found a faded altar of an unknown god.
  1488 | D:2      | Reached XP level 4. HP: 38/40 MP: 5/5
  1494 | D:2      | Noticed Robin
  1509 | D:2      | Killed Robin
  1736 | D:2      | Noticed Natasha
  1742 | D:2      | Killed Natasha
  1743 | D:2      | Reached XP level 5. HP: 41/46 MP: 6/6
  2348 | D:3      | Noticed Grinder
  2358 | D:3      | Paralysed by Grinder for 4 turns
  2367 | D:3      | Paralysed by Grinder for 6 turns
  2373 | D:3      | Killed from afar by Grinder

Illustrated notes

Levels and vault maps discovered:
D:1:      scummos_arrival_star, layout_basic, minmay_strange_pillars
D:2:      layout_basic, grunt_temple_overflow_open,
          chequers_ecumenical_altar_simple_redux, uniq_robin, uniq_natasha
D:3:      layout_rooms, uniq_grinder

Skill      XL: |  1  2  3  4 |
---------------+-------------+-----
Axes           | 3 4 |  4.7
Invocations    | 1 2 |  2.5
Fighting       | 4 |  4.2
Shields        | 4 |  4.1
Armour         | |  3.9

Action                   |  1- 3 |  4- 6 || total
-------------------------+-------+-------++-------
Melee: War axe           |    93 |   100 ||   193
  Use: Scroll            |       |     2 ||     2
       Potion            |       |     1 ||     1
Armor: Scale mail        |    47 |    57 ||   104
Dodge: Dodged            |    42 |    35 ||    77
Block: Kite shield       |    44 |    59 ||   103

Table legend: (Time is in decaauts)
 A = Elapsed time spent in this place.
 B = Non-inter-level travel time spent in this place.
 C = Inter-level travel time spent in this place.
 D = Time resting spent in this place.
 E = Time spent auto-exploring this place.
 F = Levels seen in this place.
 G = Mean time per level.
                   A        B        C        D        E       F      G
               +--------+--------+--------+--------+--------+-----+--------+
         Total |   2475 |   2433 |     42 |     90 |   1824 |   3 |  825.0 |
       Dungeon |   2475 |   2433 |     42 |     90 |   1824 |   3 |  825.0 |
               +--------+--------+--------+--------+--------+-----+--------+

Top non-repeatable levels by time:
     D:1: 1056 daAuts
     D:2: 1014 daAuts
     D:3: 404 daAuts
